 Dungeon Crawl Stone Soup version 0.29-a0-25-g7f48f510a0 (webtiles) character file.

Game seed: 13561801407747714981

36 Hubjo the Grasshopper (level 3, -1/27 HPs)
             Began as a Vampire Warper on Jan 31, 2022.
             Was a Follower of Okawaru.
             Slain by a gnoll (5 damage)
             ... on level 2 of the Dungeon.
             The game lasted 00:06:11 (624 turns).

Hubjo the Grasshopper (Vampire Warper)               Turns: 624, Time: 00:06:15

Health: -1/27      AC:  4    Str: 10    XL:     3   Next: 19%
Magic:  1/6        EV: 12    Int: 15    God:    Okawaru [*.....]
Gold:   66         SH:  0    Dex: 15    Spells: 1/6 levels left

rFire   . . .      SeeInvis +   a - +0 short sword
rCold   . . .      Faith    .   (no shield)
rNeg    . . .      Spirit   .   b - +0 leather armour
rPois   .          Reflect  .   (no helmet)
rElec   .          Harm     .   (no cloak)
rCorr   .          Rampage  .   e - +0 pair of gloves
Will    .....                   (no boots)
Stlth   +.........              (no amulet)
HPRegen 0.29/turn               g - ring of wizardry
MPRegen 0.10/turn               (no ring)

@: healing quickly
A: alive, fangs 3, see invisible, vampiric 2
a: Exsanguinate, Renounce Religion, Heroism


You were on level 2 of the Dungeon.
You worshipped Okawaru.
Okawaru was aware of your devotion.
You visited 1 branch of the dungeon, and saw 2 of its levels.

You collected 66 gold pieces.

Inventory:

Hand Weapons
 a - a +0 short sword (weapon)
Missiles
 d - 3 boomerangs of dispersal (quivered)
 j - 5 silver javelins
Armour
 b - a +0 leather armour (worn)
 e - a +0 pair of gloves (worn)
Jewellery
 g - a ring of wizardry (left hand)
Scrolls
 c - a scroll of blinking
 h - a scroll of fear
Potions
 f - 2 potions of lignification
 i - a potion of flight {unknown}


   Skills:
 + Level 2.0 Fighting
 + Level 2.8 Short Blades
 + Level 0.7 Throwing
 + Level 1.0 Armour
 + Level 2.4 Dodging
 + Level 0.3 Stealth
 + Level 2.1 Spellcasting
 + Level 2.8 Translocations


You had one spell level left.
You knew the following spells:

 Your Spells              Type           Power      Damage    Failure   Level
a - Blink                 Tloc           20%        N/A       6%          2
b - Teleport Other        Tloc           10%        N/A       12%         3

Your spell library contained the following spells:

 Spells                   Type           Power      Damage    Failure   Level
 Gell's Gravitas          Tloc           10%        N/A       12%         3
 Lesser Beckoning         Tloc           10%        N/A       12%         3
 Manifold Assault         Tloc           10%        N/A       67%         5


Dungeon Overview and Level Annotations

Branches:
Dungeon (2/15)

Altars:
Okawaru


Innate Abilities, Weirdness & Mutations

Your natural rate of healing is accelerated.
You have razor-sharp teeth.
You have supernaturally acute eyesight. (SInv)
You are afflicted with vampirism and can become a bat while bloodless.


Message History

You hit the gnoll.
The gnoll is moderately wounded.
The gnoll hits you with a +0 spear.
* * * LOW HITPOINT WARNING * * *
Cast which spell? (? or * to list)
The spell is quite dangerous to miscast (12% risk of failure)!
Continue anyway?
Aiming: Teleport Other (quite dangerous; 12% risk of failure)
Press: ? - help, Shift-Dir - straight line, f - gnoll
Aim: a gnoll, wielding a +0 spear (moderately wounded, chance to affect: 57%)
The gnoll looks slightly unstable.
The gnoll completely misses you.
Casting: Teleport Other (quite dangerous; 12% risk of failure)
Confirm with . or Enter, or press ? or * to list all spells.
You don't know that spell.
Casting: Teleport Other (quite dangerous; 12% risk of failure)
Confirm with . or Enter, or press ? or * to list all spells.
The spell is quite dangerous to miscast (12% risk of failure)!
Continue anyway?
Aiming: Teleport Other (quite dangerous; 12% risk of failure)
Press: ? - help, Shift-Dir - straight line, f/p - gnoll
Aim: a gnoll, wielding a +0 spear (moderately wounded, chance to affect: 57%)
The gnoll seems more stable.
The gnoll closely misses you.
Throw: 5 boomerangs (disperse)
Press: ? - help, Q - select action, (/) - cycle Shift-Dir - straight line, f/p - gnoll
Aim: a gnoll, wielding a +0 spear (moderately wounded, 63% to hit)
You throw a boomerang of dispersal.
The boomerang of dispersal hits the gnoll but does no damage.
The gnoll is moderately wounded.
The gnoll hits you with a +0 spear.
* * * LOW HITPOINT WARNING * * *
Casting: Teleport Other (quite dangerous; 12% risk of failure)
Confirm with . or Enter, or press ? or * to list all spells.
You don't have enough magic to cast this spell.
The gnoll hits you from afar with a +0 spear.
* * * LOW HITPOINT WARNING * * *
Throw: 4 boomerangs (disperse)
Press: ? - help, Q - select action, (/) - cycle Shift-Dir - straight line, f/p - gnoll
Aim: a gnoll, wielding a +0 spear (moderately wounded, 63% to hit)
You throw a boomerang of dispersal.
The boomerang of dispersal completely misses the gnoll.
The gnoll hits you from afar with a +0 spear.
You die...

# #.............
..#..........#
#............#
####....†...##
##........##
#..........#####
#....g.........#
#..........###..
#....@.....#
#..........#
###........##
######.........##
#.......#..#####
#....##.#.##
#.........####
#.....†........
#....##########


You could see a gnoll.

Vanquished Creatures
  8 endoplasms
  2 giant cockroaches
  A hobgoblin (D:1)
  4 kobolds (D:1)
  A quokka (D:1)
  3 ball pythons
  2 bats (D:1)
  2 frilled lizards
  5 goblins (D:1)
  3 rats (D:1)
31 creatures vanquished.

Vanquished Creatures (others)
  4 toadstools (D:1)
4 creatures vanquished.

Grand Total: 35 creatures vanquished

Notes
Turn   | Place    | Note
-------+----------+-------------------------------------------
     0 | D:1      | Hubjo the Vampire Warper began the quest for the Orb.
     0 | D:1      | Reached XP level 1. HP: 16/16 MP: 3/3
   105 | D:1      | Found a faded altar of an unknown god.
   119 | D:1      | Prayed at the altar of an unknown god.
   119 | D:1      | Became a worshipper of Warmaster Okawaru
   119 | D:1      | Reached * piety under Okawaru
   238 | D:1      | Reached XP level 2. HP: 22/22 MP: 5/5
   520 | D:1      | Gained mutation: You are afflicted with vampirism and can
                  | become a bat while bloodless. [Vampire growth]
   520 | D:1      | Reached XP level 3. HP: 27/27 MP: 6/6
   523 | D:1      | Learned a level 2 spell: Blink
   527 | D:1      | Learned a level 3 spell: Teleport Other
   610 | D:2      | Reached skill level 1 in Armour
   624 | D:2      | Slain by a gnoll

Illustrated notes

Levels and vault maps discovered:
D:1:      ldierk_walled_garden_2, layout_loops_ring,
          ebering_ecumenical_altar_box
D:2:      layout_rooms

Skill      XL: |  1  2  3 |
---------------+----------+-----
Fighting       | 2 |  2.0
Armour         | 1 |  1.0
Short Blades   | |  2.8
Throwing       | |  0.7
Dodging        | |  2.4
Stealth        | |  0.3
Spellcasting   | |  2.1
Translocations | |  2.8

Action                   || total
-------------------------++-------
Melee: Short sword       ||    93
       Bite              ||     4
Throw: Boomerang         ||     2
 Cast: Teleport Other    ||     2
  Use: Scroll            ||     4
 Stab: Sleeping          ||     1
Armor: Leather armour    ||    23
Dodge: Dodged            ||    63

Table legend: (Time is in decaauts)
 A = Elapsed time spent in this place.
 B = Non-inter-level travel time spent in this place.
 C = Inter-level travel time spent in this place.
 D = Time resting spent in this place.
 E = Time spent auto-exploring this place.
 F = Levels seen in this place.
 G = Mean time per level.
                   A        B        C        D        E       F      G
               +--------+--------+--------+--------+--------+-----+--------+
         Total |    620 |    529 |     91 |      0 |    300 |   2 |  310.0 |
       Dungeon |    620 |    529 |     91 |      0 |    300 |   2 |  310.0 |
               +--------+--------+--------+--------+--------+-----+--------+

Top non-repeatable levels by time:
     D:1: 565 daAuts
     D:2: 55 daAuts
